Workbook
Name Excel_BuiltIn__FilterDatabase: '参考収支明細(2017)'!$A$1:$G$35
Name Excel_BuiltIn__FilterDatabase: '収支明細(入力)'!$A$1:$G$37

Sheet 収支明細(入力)
A1: 収支明細 (2018/4/1～2019/3/31) | G1: 網掛け（*）・・・銀行口座への振込・引き落とし | H1: 残高（参考）
A2: 領収書月日 | B2: 収支 | C2: 科目 | D2: 補助科目 | E2: 摘要 | F2: 収入 | G2: 支出 | H2: 191175
A3: 43209 | B3: 支出 | C3: 04.活動費③募金支出 | D3: ①緑の募金 | E3: ①緑の募金 | G3: 1000 | H3: =H2+F3-G3 -> 190175
A4: 43210 | B4: 支出 | C4: 04.活動費①行事支出 | D4: ①端午の節句(5/5) | E4: 端午の節句（飾り） | G4: 1400 | H4: =H3+F4-G4 -> 188775
A5: 43210 | B5: 支出 | C5: 04.活動費①行事支出 | D5: ①端午の節句(5/5) | E5: 端午の節句（飾り） | G5: 14478 | H5: =H4+F5-G5 -> 174297
A6: 43214 | B6: 収入 | C6: 04.その他収入①アルミ缶回収費 | D6: アルミ缶回収費 | E6: 2018年04月 80kg×@50 | F6: 4000 | H6: =H5+F6-G6 -> 178297
A7: 43216 | B7: 支出 | C7: 08.渉外費 | D7: ①わんわんウォーキング分担金 | E7: ①わんわんウォーキング分担金 | G7: 5000 | H7: =H6+F7-G7 -> 173297
A8: 43225 | B8: 支出 | C8: 08.渉外費 | D8: ●弔慰金 | E8: 弔慰金（108坂本寿美子様/4月24日逝去） | G8: 10000 | H8: =H7+F8-G8 -> 163297
A9: 43226 | B9: 支出 | C9: 08.渉外費 | D9: ②宇喜田・小島地区自治連懇親会（5/6） | E9: ②宇喜田・小島地区自治連懇親会（2*3000） | G9: 6000 | H9: =H8+F9-G9 -> 157297
A10: 43232 | B10: 支出 | C10: 08.渉外費 | D10: ●弔慰金 | E10: 弔慰金（809田中襄而様/5月4日逝去） | G10: 10000 | H10: =H9+F10-G10 -> 147297
A11: 43221 | B11: 支出 | C11: 04.活動費①行事支出 | D11: ①端午の節句(5/5) | E11: 端午の節句（飾り） | G11: 9740 | H11: =H10+F11-G11 -> 137557
A12: 43240 | B12: 支出 | C12: 08.渉外費 | D12: ③自治会会議費懇親会費(5/20) | E12: ③自治会会議費懇親会費(5/20) | G12: 37908 | H12: =H11+F12-G12 -> 99649
A13: 43230 | B13: 支出 | C13: 04.活動費③募金支出 | D13: ②赤十字社活動募金 | E13: ②赤十字社活動募金 | G13: 2000 | H13: =H12+F13-G13 -> 97649
A14: 43248 | B14: 収入 | C14: 06.募金 | D14: ①歳末たすけあい運動募金 | E14: バザー後売上 | F14: 6370 | H14: =H13+F14-G14 -> 104019
A15: 43253 | B15: 支出 | C15: 02.自治連年会費 | D15: 宇喜田小島地区自治連協議会分担金 | E15: 宇喜田小島地区自治連協議会分担金 | G15: 23000 | H15: =H14+F15-G15 -> 81019
A16: 43256 | B16: 支出 | C16: 04.活動費①行事支出 | D16: ②七夕(7/7) | E16: 七夕飾り（笹） | G16: 9764 | H16: =H15+F16-G16 -> 71255
A17: 43262 | B17: 支出 | C17: 04.活動費①行事支出 | D17: ②七夕(7/7) | E17: 七夕飾り（笹） | G17: 10018 | H17: =H16+F17-G17 -> 61237
A18: 43276 | B18: 支出 | C18: 04.活動費①行事支出 | D18: ②七夕(7/7) | E18: 七夕飾り（ひまわり） | G18: 3000 | H18: =H17+F18-G18 -> 58237
A19: 43285 | B19: 支出 | C19: 04.活動費①行事支出 | D19: ③夏まつり(7/22) | E19: クオカード | G19: 4900 | H19: =H18+F19-G19 -> 53337
A20: 43259 | B20: 支出 | C20: 04.活動費①行事支出 | D20: ②七夕(7/7) | E20: 七夕飾り | G20: 2291 | H20: =H19+F20-G20 -> 51046
A21: 43274 | B21: 支出 | C21: 04.活動費①行事支出 | D21: ②七夕(7/7) | E21: 七夕飾り | G21: 1140 | H21: =H20+F21-G21 -> 49906
A22: 43249 | B22: 収入 | C22: 04.その他収入①アルミ缶回収費 | D22: アルミ缶回収費 | E22: 2018年05月 100kg×@50 | F22: 5000 | H22: =H21+F22-G22 -> 54906
A23: 43277 | B23: 収入 | C23: 04.その他収入①アルミ缶回収費 | D23: アルミ缶回収費 | E23: 2018年06月 80kg×@50 | F23: 4000 | H23: =H22+F23-G23 -> 58906
A24: 43277 | B24: 支出 | C24: 04.活動費①行事支出 | D24: ②七夕(7/7) | E24: 七夕飾り | G24: 927 | H24: =H23+F24-G24 -> 57979
A25: 43288 | B25: 支出 | C25: 04.活動費③募金支出 | D25: ③青い羽根募金 | E25: ③青い羽根募金 | G25: 1000 | H25: =H24+F25-G25 -> 56979
A26: 43302 | B26: 支出 | C26: 04.活動費①行事支出 | D26: ③夏まつり(7/22) | E26: スイカ | G26: 5119 | H26: =H25+F26-G26 -> 51860
A27: 43302 | B27: 支出 | C27: 04.活動費①行事支出 | D27: ③夏まつり(7/22) | E27: 雑貨 | G27: 432 | H27: =H26+F27-G27 -> 51428
A28: 43303 | B28: 支出 | C28: 04.活動費①行事支出 | D28: ③夏まつり(7/22) | E28: 食材・景品 | G28: 27307 | H28: =H27+F28-G28 -> 24121
A29: 43303 | B29: 支出 | C29: 04.活動費①行事支出 | D29: ③夏まつり(7/22) | E29: 食材 | G29: 18152 | H29: =H28+F29-G29+200000 -> 205969 | I29: 20万円引き出し
A30: 43304 | B30: 収入 | C30: 03.行事収入 | D30: ①夏まつり(7/22) | E30: ①夏まつり(7/22) | F30: 34800 | H30: =H29+F30-G30 -> 240769
A31: 43303 | B31: 収入 | C31: 06.募金 | D31: ②日赤平成30年7月豪雨災害義援金 | E31: ②日赤平成30年7月豪雨災害義援金 | F31: 16932 | H31: =H30+F31-G31 -> 257701
A32: 43304 | B32: 支出 | C32: 04.活動費③募金支出 | D32: ④日赤平成30年7月豪雨災害義援金 | E32: ④日赤平成30年7月豪雨災害義援金 | G32: 16932 | H32: =H31+F32-G32 -> 240769
A33: 43309 | B33: 支出 | C33: 08.渉外費 | D33: ●弔慰金 | E33: 弔慰金（425髙田眞智子様/7月16日逝去） | G33: 10000 | H33: =H32+F33-G33 -> 230769
A34: 43309 | B34: 支出 | C34: 04.活動費①行事支出 | D34: ③夏まつり(7/22) | E34: プロパン | G34: 1944 | H34: =H33+F34-G34 -> 228825
A35: 43309 | B35: 支出 | C35: 04.活動費①行事支出 | D35: ③夏まつり(7/22) | E35: 生ビール | G35: 47350 | H35: =H34+F35-G35 -> 181475
A36: 43309 | B36: 支出 | C36: 04.活動費①行事支出 | D36: ③夏まつり(7/22) | E36: 印刷代 | G36: 4610 | H36: =H35+F36-G36 -> 176865
A37: 43309 | B37: 支出 | C37: 06.備品費 | D37: 備品 | E37: ホットプレート | G37: 11030 | H37: =H36+F37-G37 -> 165835
A38: 43314 | B38: 支出 | C38: 04.活動費①行事支出 | D38: ④運動会(9/23) | E38: 運動会分担金 | G38: 7800 | H38: =H37+F38-G38 -> 158035
A39: 43312 | B39: 収入 | C39: 04.その他収入①アルミ缶回収費 | D39: アルミ缶回収費 | E39: 2018年07月 110kg×@50 | F39: 5500 | H39: =H38+F39-G39 -> 163535
A40: 43340 | B40: 収入 | C40: 04.その他収入①アルミ缶回収費 | D40: アルミ缶回収費 | E40: 2018年08月 80kg×@50 | F40: 4000 | H40: =H39+F40-G40 -> 167535
A41: 43350 | B41: 支出 | C41: 08.渉外費 | D41: ●弔慰金 | E41: 弔慰金（520久保美幸様/9月4日逝去） | G41: 10000 | H41: =H40+F41-G41 -> 157535
A42: 43365 | B42: 支出 | C42: 04.活動費①行事支出 | D42: ④運動会(9/23) | E42: バナナ、梅干し | G42: 1419 | H42: =H41+F42-G42 -> 156116
A43: 43366 | B43: 支出 | C43: 04.活動費①行事支出 | D43: ④運動会(9/23) | E43: レンタカー | G43: 11772 | H43: =H42+F43-G43 -> 144344
A44: 43366 | B44: 支出 | C44: 04.活動費①行事支出 | D44: ④運動会(9/23) | E44: 飲み物 | G44: 11127 | H44: =H43+F44-G44 -> 133217
A45: 43366 | B45: 支出 | C45: 04.活動費①行事支出 | D45: ⑤いも煮会(10/21) | E45: 飲み物 | G45: 9062 | H45: =H44+F45-G45 -> 124155
A46: 43366 | B46: 支出 | C46: 04.活動費①行事支出 | D46: ④運動会(9/23) | E46: 食べ物、飲み物 | G46: 4174 | H46: =H45+F46-G46 -> 119981
A47: 43368 | B47: 収入 | C47: 04.その他収入①アルミ缶回収費 | D47: アルミ缶回収費 | E47: 2018年09月 100kg×@50 | F47: 5000 | H47: =H46+F47-G47 -> 124981
A48: 43379 | B48: 支出 | C48: 04.活動費③募金支出 | D48: ⑤赤い羽根募金 | E48: ⑤赤い羽根募金 | G48: 3000 | H48: =H47+F48-G48 -> 121981
A49: 43366 | B49: 支出 | C49: 04.活動費①行事支出 | D49: ④運動会(9/23) | E49: 弁当 | G49: 12970 | H49: =H48+F49-G49 -> 109011
A50: 43393 | B50: 支出 | C50: 04.活動費①行事支出 | D50: ⑤いも煮会(10/21) | E50: 食べ物 | G50: 498 | H50: =H49+F50-G50 -> 108513
A51: 43393 | B51: 支出 | C51: 04.活動費①行事支出 | D51: ⑤いも煮会(10/21) | E51: 食材・飲料 | G51: 37213 | H51: =H50+F51-G51 -> 71300
A52: 43387 | B52: 支出 | C52: 06.備品費 | D52: 備品 | E52: カセットコンロ | G52: 8023 | H52: =H51+F52-G52 -> 63277
A53: 43387 | B53: 支出 | C53: 08.渉外費 | D53: 交通費 | E53: 交通費 | G53: 410 | H53: =H52+F53-G53 -> 62867
A54: 43390 | B54: 支出 | C54: 04.活動費①行事支出 | D54: 健康サポート | E54: お茶 | G54: 386 | H54: =H53+F54-G54 -> 62481
A55: 43390 | B55: 支出 | C55: 04.活動費④諸経費 | D55: 切手代・印刷代 | E55: 印刷代・防災訓練 | G55: 650 | H55: =H54+F55-G55 -> 61831
A56: 43390 | B56: 支出 | C56: 04.活動費①行事支出 | D56: 健康サポート | E56: 印刷代 | G56: 160 | H56: =H55+F56-G56 -> 61671
A57: 43390 | B57: 支出 | C57: 04.活動費④諸経費 | D57: 切手代・印刷代 | E57: 印刷代・スタッフカード | G57: 250 | H57: =H56+F57-G57 -> 61421
A58: 43390 | B58: 支出 | C58: 04.活動費①行事支出 | D58: ⑤いも煮会(10/21) | E58: 印刷代 | G58: 1100 | H58: =H57+F58-G58 -> 60321
A59: 43390 | B59: 支出 | C59: 04.活動費①行事支出 | D59: ⑤いも煮会(10/21) | E59: 日本酒 | G59: 2500 | H59: =H58+F59-G59 -> 57821
... A62: 43394 | B62: 支出 | C62: 04.活動費①行事支出 | D62: ⑤いも煮会(10/21) | E62: 食料・飲料 | G62: 21561 | H62: =H61+F62-G62 -> 31816
A63: 43394 | B63: 収入 | C63: 06.募金 | D63: ③日赤募金（いも煮会） | E63: ③日赤募金（いも煮会） | F63: 1641 | H63: =H62+F63-G63 -> 33457
A64: 43394 | B64: 収入 | C64: 03.行事収入 | D64: ②いも煮会(10/21) | E64: ②いも煮会(10/21) | F64: 12200 | H64: =H63+F64-G64 -> 45657
A65: 43403 | B65: 収入 | C65: 04.その他収入①アルミ缶回収費 | D65: アルミ缶回収費 | E65: 2018年10月 120kg×@50 | F65: 6000 | H65: =H64+F65-G65 -> 51657
A66: 43398 | B66: 支出 | C66: 04.活動費③募金支出 | D66: ⑥日赤募金（いも煮会） | E66: ⑥日赤募金（いも煮会） | G66: 1641 | H66: =H65+F66-G66 -> 50016
A67: 43408 | B67: 支出 | C67: 06.備品費 | D67: 備品 | E67: カウンター | G67: 216 | H67: =H66+F67-G67+200000 -> 249800 | I67: 20万円引き出し
A68: 43414 | B68: 支出 | C68: 04.活動費①行事支出 | D68: ⑥もちつき(11/11) | E68: たくあん | G68: 2202 | H68: =H67+F68-G68 -> 247598
A69: 43415 | B69: 支出 | C69: 04.活動費①行事支出 | D69: ⑥もちつき(11/11) | E69: 餅つき屋 | G69: 100000 | H69: =H68+F69-G69 -> 147598
A70: 43414 | B70: 支出 | C70: 04.活動費①行事支出 | D70: ⑥もちつき(11/11) | E70: プレートなど | G70: 540 | H70: =H69+F70-G70 -> 147058
A71: 43404 | B71: 支出 | C71: 06.備品費 | D71: 備品 | E71: ほうじ茶ティーバッグ | G71: 292 | H71: =H70+F71-G71 -> 146766
A72: 43415 | B72: 収入 | C72: 06.募金 | D72: ④歳末たすけあい募金（もちつき） | E72: ④歳末たすけあい募金（もちつき） | F72: 2249 | H72: =H71+F72-G72 -> 149015
A73: 43415 | B73: 支出 | C73: 04.活動費①行事支出 | D73: ⑥もちつき(11/11) | E73: 印刷 | G73: 1060 | H73: =H72+F73-G73 -> 147955
A74: 43415 | B74: 支出 | C74: 04.活動費①行事支出 | D74: ⑥もちつき(11/11) | E74: ゴム手袋、指サック | G74: 324 | H74: =H73+F74-G74 -> 147631
A75: 43431 | B75: 収入 | C75: 04.その他収入①アルミ缶回収費 | D75: アルミ缶回収費 | E75: 2018年11月 90kg×@50 | F75: 4500 | H75: =H74+F75-G75 -> 152131
A76: 43435 | B76: 支出 | C76: 04.活動費③募金支出 | D76: ⑦歳末たすけあい募金 | E76: ⑦歳末たすけあい募金 | G76: 22177 | H76: =H75+F76-G76 -> 129954
A77: 43435 | B77: 支出 | C77: 04.活動費①行事支出 | D77: ⑦クリスマス電飾 | E77: ⑦クリスマス電飾 | G77: 53797 | H77: =H76+F77-G77 -> 76157
A78: 43423 | B78: 支出 | C78: 06.備品費 | D78: 備品 | E78: ワイヤレスピンマイク | G78: 3999 | H78: =H77+F78-G78+200000 -> 272158 | I78: 20万円引き出し
A79: 43463 | B79: 支出 | C79: 08.渉外費 | D79: ④自治会会議費懇親会費(12/29) | E79: 自治会忘年会 10名 | G79: 36525 | H79: =H78+F79-G79 -> 235633
A80: 43460 | B80: 支出 | C80: 04.活動費①行事支出 | D80: ⑧正月飾り | E80: 門松 | G80: 48060 | H80: =H79+F80-G80 -> 187573
H81: =H80+F81-G81 -> 187573
H82: =H81+F82-G82 -> 187573
H83: =H82+F83-G83 -> 187573
H84: =H83+F84-G84 -> 187573
H85: =H84+F85-G85 -> 187573
H86: =H85+F86-G86 -> 187573
H87: =H86+F87-G87 -> 187573
H88: =H87+F88-G88 -> 187573
H89: =H88+F89-G89 -> 187573
H90: =H89+F90-G90 -> 187573
F93: =SUM(F3:F92) -> 112192 | G93: =SUM(G3:G92) -> 715794

Sheet 収支表示（集計）
A1: 第１５期自治会収支報告 (2018/4/1～2019/3/31)
D3: データ
A4: 収支 | B4: 科目 | C4: 補助科目 | D4: 収入の部 | E4: 支出の部
A5: 収入 | B5: 03.行事収入 | C5: ①夏まつり(7/22) | D5: 34800
C6: ②いも煮会(10/21) | D6: 12200
B7: 03.行事収入 集計 | D7: 47000
B8: 04.その他収入①アルミ缶回収費 | C8: アルミ缶回収費 | D8: 38000
B9: 04.その他収入①アルミ缶回収費 集計 | D9: 38000
B10: 06.募金 | C10: ①歳末たすけあい運動募金 | D10: 6370
C11: ②日赤平成30年7月豪雨災害義援金 | D11: 16932
C12: ③日赤募金（いも煮会） | D12: 1641
C13: ④歳末たすけあい募金（もちつき） | D13: 2249
B14: 06.募金 集計 | D14: 27192
A15: 支出 | B15: 02.自治連年会費 | C15: 宇喜田小島地区自治連協議会分担金 | E15: 23000
B16: 02.自治連年会費 集計 | E16: 23000
B17: 04.活動費①行事支出 | C17: ①端午の節句(5/5) | E17: 25618
C18: ②七夕(7/7) | E18: 27140
C19: ③夏まつり(7/22) | E19: 109814
C20: ④運動会(9/23) | E20: 49262
C21: ⑤いも煮会(10/21) | E21: 73878
C22: ⑥もちつき(11/11) | E22: 104126
C23: ⑦クリスマス電飾 | E23: 53797
C24: ⑧正月飾り | E24: 48060
C25: ⑨新年顔合わせ会 | E25: 2500
C26: 健康サポート | E26: 546
B27: 04.活動費①行事支出 集計 | E27: 494741
B28: 04.活動費③募金支出 | C28: ①緑の募金 | E28: 1000
C29: ②赤十字社活動募金 | E29: 2000
C30: ③青い羽根募金 | E30: 1000
C31: ④日赤平成30年7月豪雨災害義援金 | E31: 16932
C32: ⑤赤い羽根募金 | E32: 3000
C33: ⑥日赤募金（いも煮会） | E33: 1641
C34: ⑦歳末たすけあい募金 | E34: 22177
B35: 04.活動費③募金支出 集計 | E35: 47750
B36: 04.活動費④諸経費 | C36: 切手代・印刷代 | E36: 900
B37: 04.活動費④諸経費 集計 | E37: 900
B38: 06.備品費 | C38: 備品 | E38: 23560
B39: 06.備品費 集計 | E39: 23560
B40: 08.渉外費 | C40: ●弔慰金 | E40: 40000
C41: ①わんわんウォーキング分担金 | E41: 5000
C42: ②宇喜田・小島地区自治連懇親会（5/6） | E42: 6000
C43: ③自治会会議費懇親会費(5/20) | E43: 37908
C44: ④自治会会議費懇親会費(12/29) | E44: 36525
C45: 交通費 | E45: 410
B46: 08.渉外費 集計 | E46: 125843
A47: 総計 | D47: 112192 | E47: 715794

Sheet 今期決算書
A1: 第１４期（平成２９年度）決算書
A3: ２０１７年４月１日～２０１８年３月３１日
H4: (単位：円）
A5: 収 入 の 部 | E5: 支 出 の 部
A6: 科 目 | B6: 予算額 | C6: 実績額 | D6: 備 考 | E6: 科 目 | F6: 予算額 | G6: 実績額 | H6: 備 考
A7: コミュニティ費（旧自治会費） | B7: 500000 | C7: =GETPIVOTDATA("収入の部",'収支表示（集計）'!$A$3,"収支","収入","科目","01.コミュニティ費") -> #REF! | D7: 注１ | E7: 行政分担金 | F7: 27250 | G7: =GETPIVOTDATA("支出の部",'収支表示（集計）'!$A$3,"収支","支出","科目","01.行政分担金") -> #REF!
A8: 区・文書等配布委託金 | B8: 130800 | C8: =GETPIVOTDATA("収入の部",'収支表示（集計）'!$A$3,"収支","収入","科目","02.区・文書等配布委託金") -> #REF! | E8: 自治連年会費 | F8: 23000 | G8: =GETPIVOTDATA("支出の部",'収支表示（集計）'!$A$3,"収支","支出","科目","02.自治連年会費") -> 23000
A9: 行事収入 | B9: 40000 | C9: =GETPIVOTDATA("収入の部",'収支表示（集計）'!$A$3,"収支","収入","科目","03.行事収入") -> 47000 | E9: 防犯協会加入分担金 | F9: 12630 | G9: =GETPIVOTDATA("支出の部",'収支表示（集計）'!$A$3,"収支","支出","科目","03.防犯協会加入分担金") -> #REF!
A10: その他収入 | B10: 93250 | C10: =SUM(C11:C12) -> #REF! | E10: 活動費 | F10: 716110 | G10: =SUM(G11:G14) -> #REF!
A11: ①アルミ缶回収費 | B11: 93000 | C11: =GETPIVOTDATA("収入の部",'収支表示（集計）'!$A$3,"収支","収入","科目","04.その他収入①アルミ缶回収費") -> 38000 | E11: ①行事支出 | F11: 645000 | G11: =GETPIVOTDATA("支出の部",'収支表示（集計）'!$A$3,"収支","支出","科目","04.活動費①行事支出") -> 494741
A12: ②その他 | B12: 250 | C12: =GETPIVOTDATA("収入の部",'収支表示（集計）'!$A$3,"収支","収入","科目","04.その他収入②その他") -> #REF! | D12: 注２ | E12: ②自治会保険料 | F12: 34110 | G12: =GETPIVOTDATA("支出の部",'収支表示（集計）'!$A$3,"収支","支出","科目","04.活動費②自治会保険料") -> #REF!
A13: 寄付金 | B13: 150000 | C13: =GETPIVOTDATA("収入の部",'収支表示（集計）'!$A$3,"収支","収入","科目","05.寄付金") -> #REF! | D13: 注３ | E13: ③募金支出 | F13: 27000 | G13: =GETPIVOTDATA("支出の部",'収支表示（集計）'!$A$3,"収支","支出","科目","04.活動費③募金支出") -> 47750
A14: 歳末たすけあい運動募金 | B14: 15000 | C14: =GETPIVOTDATA("収入の部",'収支表示（集計）'!$A$3,"収支","収入","科目","06.歳末たすけあい運動募金") -> #REF! | D14: 注４ | E14: ④諸経費 | F14: 10000 | G14: =GETPIVOTDATA("支出の部",'収支表示（集計）'!$A$3,"収支","支出","科目","04.活動費④諸経費") -> 900
E15: 印刷関係費 | F15: 50000 | G15: =GETPIVOTDATA("支出の部",'収支表示（集計）'!$A$3,"収支","支出","科目","05.印刷関係費") -> #REF! | H15: 注５
E16: 備品費 | F16: 50000 | G16: =GETPIVOTDATA("支出の部",'収支表示（集計）'!$A$3,"収支","支出","科目","06.備品費") -> 23560 | H16: 注６
E17: 消耗品費 | F17: 10000 | G17: =GETPIVOTDATA("支出の部",'収支表示（集計）'!$A$3,"収支","支出","科目","07.消耗品費") -> #REF!
E18: 渉外費 | F18: 170000 | G18: =GETPIVOTDATA("支出の部",'収支表示（集計）'!$A$3,"収支","支出","科目","08.渉外費") -> 125843
E19: 銀行手数料 | F19: 3000 | G19: =GETPIVOTDATA("支出の部",'収支表示（集計）'!$A$3,"収支","支出","科目","09.銀行手数料") -> #REF!
E20: 予備費 | F20: 30000 | G20: 0
A21: 収入合計 | B21: 929050 | C21: =SUM(C7:C10)+C13+C14+C15 -> #REF! | E21: 支出合計 | F21: 1091990 | G21: =SUM(G7:G10)+SUM(G15:G20) -> #REF!
A22: 前期繰越金 | B22: 1367620 | C22: =B22 -> 1367620 | E22: 次期繰越金 | F22: 1204680 | G22: =G23-G21 -> #REF!
A23: 収入・繰越金合計 | B23: 2296670 | C23: =SUM(C21:C22) -> #REF! | E23: 支出・繰越金合計 | F23: 2296670 | G23: =C23 -> #REF!
A25: ２０１９年 月 日
A27: 第１５期収支決算を上記の通り上程し、ご報告いたします。
B28: バームハイツ西葛西自治会
B29: 会 長 | C29: 関 根 弘 二
A30: =A25 -> ２０１９年 月 日
A32: 第１５期決算書を監査した結果、適正なることを認めます。
B33: 監 事 | C33: 星 野 武 夫

Sheet 次期予算案
A1: 第１５期（平成３０年度）予算案
A2: ２０１８年４月１日～２０１９年３月３１日 | H2: (単位：円）
A3: 収 入 の 部 | E3: 支 出 の 部
A4: 科 目 | B4: 前期実績 | C4: 予算額 | D4: 備 考 | E4: 科 目 | F4: 前期実績 | G4: 予算額 | H4: 備 考
A5: コミュニティ費（旧自治会費） | B5: =今期決算書!C7 -> #REF! | C5: 500000 | D5: 注1 | E5: 行政分担金 | F5: =今期決算書!G7 -> #REF! | G5: 27250
A6: 区・文書等配布委託金 | B6: =今期決算書!C8 -> #REF! | C6: 130800 | E6: 自治連年会費 | F6: =今期決算書!G8 -> 23000 | G6: 23000
A7: 行事収入 | B7: =今期決算書!C9 -> 47000 | C7: 40000 | E7: 防犯協会加入分担金 | F7: =今期決算書!G9 -> #REF! | G7: 12630
A8: その他収入 | B8: =今期決算書!C10 -> #REF! | C8: =C9+C10 -> 93250 | E8: 活動費 | F8: =今期決算書!G10 -> #REF! | G8: =SUM(G9:G12) -> 716110
A9: ①集団回収費 | B9: =今期決算書!C11 -> 38000 | C9: 93000 | D9: 注2 | E9: ①行事支出 | F9: =今期決算書!G11 -> 494741 | G9: ='【行事予算案（入力）】）'!J14 -> 645000 | H9: 注4
A10: ②その他 | B10: =今期決算書!C12 -> #REF! | C10: 250 | D10: 利息等 | E10: ②自治会保険料 | F10: =今期決算書!G12 -> #REF! | G10: 34110
A11: 寄付金 | B11: =今期決算書!C13 -> #REF! | C11: 150000 | D11: 注3 | E11: ③募金支出 | F11: =今期決算書!G13 -> 47750 | G11: 27000 | H11: 注5
A12: 歳末たすけあい運動募金 | B12: =今期決算書!C14 -> #REF! | C12: 15000 | E12: ④諸経費 | F12: =今期決算書!G14 -> 900 | G12: 10000
E13: 印刷関係費 | F13: =今期決算書!G15 -> #REF! | G13: 50000
E14: 備品費 | F14: =今期決算書!G16 -> 23560 | G14: 50000
E15: 消耗品費 | F15: =今期決算書!G17 -> #REF! | G15: 10000
E16: 渉外費 | F16: =今期決算書!G18 -> 125843 | G16: 170000 | H16: 注6
E17: 銀行手数料 | F17: =今期決算書!G19 -> #REF! | G17: 3000
E18: 予備費 | F18: =今期決算書!G20 -> 0 | G18: 30000
A19: 収入合計 | B19: =今期決算書!C21 -> #REF! | C19: =SUM(C5:C8)+C11+C12+C13 -> 929050 | E19: 支出合計 | F19: =今期決算書!G21 -> #REF! | G19: =SUM(G5:G8)+SUM(G13:G18) -> 1091990
A20: 前期繰越金 | B20: =今期決算書!C22 -> 1367620 | C20: =今期決算書!G22 -> #REF! | E20: 次期繰越金 | F20: =今期決算書!G22 -> #REF! | G20: =G21-G19 -> #REF!
A21: 収入・繰越金合計 | B21: =今期決算書!C23 -> #REF! | C21: =SUM(C19:C20) -> #REF! | E21: 支出・繰越金合計 | F21: =今期決算書!G23 -> #REF! | G21: =C21 -> #REF!

Sheet 【行事予算案（入力）】）
J1: 今期予算 | L1: 前期実績 | N1: 前期予算
A2: 注1 | B2: コミュニティ費 | C2: 2017年6月～2018年5月* | D2: 500000 | E2: 円 | G2: 注4 | H2: 行事支出 | I2: 端午の節句飾り | J2: 30000 | K2: 円（ | L2: 0 | M2: 円/ | N2: 0 | O2: 円）
C3: ※年１回精算 | I3: 七夕飾り | J3: 25000 | K3: 円（ | L3: 20497 | M3: 円/ | N3: 20000 | O3: 円）
A4: 注2 | B4: 集団回収費 | C4: @4,000×12か月＝ | D4: 48000 | E4: 円 | I4: 夏まつり | J4: 140000 | K4: 円（ | L4: 132070 | M4: 円/ | N4: 130000 | O4: 円）
B5: 区の報奨金 | D5: 45000 | E5: 円 | I5: 運動会 | J5: 50000 | K5: 円（ | L5: 45194 | M5: 円/ | N5: 60000 | O5: 円）
C6: 計 | D6: =SUM(D4:D5) -> 93000 | E6: 円 | I6: いも煮会 | J6: 80000 | K6: 円（ | L6: 0 | M6: 円/ | N6: 80000 | O6: 円）
A7: 注3 | B7: 寄付金 | C7: @30,000×5回＝ | D7: 150000 | E7: 円 | I7: もちつき | J7: 110000 | K7: 円（ | L7: 53265 | M7: 円/ | N7: 105000 | O7: 円）
A8: 注5 | B8: 募金支出 | C8: 歳末たすけあい運動募金 | D8: 20000 | E8: 円 | I8: クリスマス飾り | J8: 70000 | K8: 円（ | L8: 67795 | M8: 円/ | N8: 70000 | O8: 円）
C9: （前期バザー+2018年募金） | I9: 正月飾り | J9: 70000 | K9: 円（ | L9: 65994 | M9: 円/ | N9: 50000 | O9: 円）
C10: その他募金 | D10: 7000 | E10: 円 | I10: 鏡開き | J10: 15000 | K10: 円（ | L10: 8892 | M10: 円/ | N10: 20000 | O10: 円）
C11: 計 | D11: =SUM(D8:D10) -> 27000 | E11: 円 | I11: 新年会 | J11: 40000 | K11: 円（ | L11: 37249 | M11: 円/ | N11: 45000 | O11: 円）
A12: 注6 | B12: 渉外費 | C12: 自治連会合費他 | D12: 130000 | E12: 円 | I12: ひな人形飾り | J12: 10000 | K12: 円（ | L12: 13109 | M12: 円/ | N12: 0 | O12: 円）
C13: 研修会・その他 | D13: 40000 | E13: 円 | I13: バザー | J13: 5000 | K13: 円（ | L13: 1730 | M13: 円/ | N13: 10000 | O13: 円）
C14: 計 | D14: =SUM(D12:D13) -> 170000 | E14: 円 | I14: 合計 | J14: =SUM(J2:J13) -> 645000 | K14: 円（ | L14: =SUM(L2:L13) -> 445795 | M14: 円/ | N14: 590000 | O14: 円）

Sheet 今期貸借対照表
A1: 第１５期（平成３０年度）貸借対照表
A3: ２０１９年３月３１日現在
F4: (単位：円）
A5: 資 産 の 部 | D5: 負債及び繰越金の部
A6: 科 目 | C6: 金額 | D6: 科 目 | F6: 金額
A7: 現預金 | B7: 普通預金 | C7: 1176445 | D7: 未払金 | E7: 未払金 | F7: 0
B8: 現金 | C8: 191175 | D8: 前受金 | E8: 前受金 | F8: 0
B9: 小計 | C9: =SUM(C7:C8) -> 1367620 | D9: 預り金 | E9: 預り金・借受金 | F9: 0
D10: 振替金 | E10: 未振替金 | F10: 0
A11: 未収入金 | B11: 未収入金 | C11: 0
B12: 仮払金 | C12: 0
D16: 次期繰越金 | F16: =今期決算書!G22 -> #REF!
A17: 合 計 | C17: =C9+C11+C12 -> 1367620 | D17: 合 計 | F17: =SUM(F7:F16) -> #REF!

Sheet 参考収支明細(2017)
A1: 収支明細 (2017/4/1～2018/3/31) | G1: 網掛け（*）・・・銀行口座への振込・引き落とし | H1: 残高（参考）
A2: 領収書月日 | B2: 収支 | C2: 科目 | D2: 補助科目 | E2: 摘要 | F2: 収入 | G2: 支出 | H2: 164636
A3: 42838 | B3: 支出 | C3: 04.活動費③募金支出 | D3: ①緑の募金 | E3: ①緑の募金 | G3: 1000 | H3: =H2+F3-G3 -> 163636
A4: 42851 | B4: 収入 | C4: 04.その他収入①アルミ缶回収費 | D4: アルミ缶回収費 | E4: 2017年04月 80kg×@50 | F4: 4000 | H4: =H3+F4-G4 -> 167636
A5: 42849 | B5: 支出 | C5: 08.渉外費 | D5: ①わんわんウォーキング分担金（4/24） | E5: ①わんわんウォーキング分担金（4/24） | G5: 5000 | H5: =H4+F5-G5 -> 162636
A6: 42862 | B6: 支出 | C6: 08.渉外費 | D6: ②宇喜田・小島地区自治連懇親会（5/8） | E6: ②宇喜田・小島地区自治連懇親会（4*3000） | G6: 12000 | H6: =H5+F6-G6 -> 150636
A7: 42866 | B7: 支出 | C7: 04.活動費③募金支出 | D7: ②赤十字社活動募金 | E7: ②赤十字社活動募金 | G7: 2000 | H7: =H6+F7-G7 -> 148636
A8: 42876 | B8: 支出 | C8: 08.渉外費 | D8: ③自治会会議費懇親会費(5/21) | E8: ③自治会会議費懇親会費(5/21) | G8: 25211 | H8: =H7+F8-G8 -> 123425
A9: 42886 | B9: 収入 | C9: 04.その他収入①アルミ缶回収費 | D9: アルミ缶回収費 | E9: 2017年05月 100kg×@50 | F9: 5000 | H9: =H8+F9-G9 -> 128425
A10: 42889 | B10: 支出 | C10: 08.渉外費 | D10: ●弔慰金 | E10: 弔慰金（1013伊藤正典様/5月30日逝去） | G10: 10000 | H10: =H9+F10-G10 -> 118425
A11: 42908 | B11: 支出 | C11: 04.活動費①行事支出 | D11: ①七夕(7/7) | E11: 七夕飾り（土のう） | G11: 515 | H11: =H10+F11-G11 -> 117910
A12: 42908 | B12: 支出 | C12: 04.活動費①行事支出 | D12: ②夏まつり(7/16) | E12: サインクリップ | G12: 392 | H12: =H11+F12-G12 -> 117518
A13: 42908 | B13: 支出 | C13: 06.備品費 | D13: 備品 | E13: のぼり、吊り下げひも、他 | G13: 4300 | H13: =H12+F13-G13 -> 113218
A14: 42908 | B14: 支出 | C14: 04.活動費①行事支出 | D14: ①七夕(7/7) | E14: 七夕飾り（笹） | G14: 14040 | H14: =H13+F14-G14 -> 99178
A15: 42908 | B15: 支出 | C15: 02.自治連年会費 | D15: 宇喜田小島地区自治連協議会分担金 | E15: 宇喜田小島地区自治連協議会分担金 | G15: 23000 | H15: =H14+F15-G15 -> 76178
A16: 42917 | B16: 収入 | C16: 04.その他収入①アルミ缶回収費 | D16: アルミ缶回収費 | E16: 2017年06月 80kg×@50 | F16: 4000 | H16: =H15+F16-G16 -> 80178
A17: 42917 | B17: 支出 | C17: 04.活動費①行事支出 | D17: ①七夕(7/7) | E17: 七夕飾り（印刷代） | G17: 260 | H17: =H16+F17-G17 -> 79918
A18: 42917 | B18: 支出 | C18: 04.活動費④諸経費 | D18: 切手代・印刷代 | E18: 印刷代 | G18: 110 | H18: =H17+F18-G18 -> 79808
A19: 42917 | B19: 支出 | C19: 04.活動費①行事支出 | D19: ①七夕(7/7) | E19: 七夕飾り（飾り） | G19: 3598 | H19: =H18+F19-G19 -> 76210
A20: 42917 | B20: 支出 | C20: 04.活動費①行事支出 | D20: ①七夕(7/7) | E20: 七夕飾り（飾り） | G20: 2084 | H20: =H19+F20-G20 -> 74126
A21: 42931 | B21: 支出 | C21: 07.消耗品費 | D21: 消耗品 | E21: のし袋 | G21: 108 | H21: =H20+F21-G21 -> 74018
A22: 42929 | B22: 支出 | C22: 04.活動費①行事支出 | D22: ②夏まつり(7/16) | E22: ビンゴカード | G22: 216 | H22: =H21+F22-G22+200000 -> 273802 | I22: ※２０万円預金引き出し
A23: 42930 | B23: 支出 | C23: 04.活動費①行事支出 | D23: ②夏まつり(7/16) | E23: ＬＰガス2kg代金 | G23: 1944 | H23: =H22+F23-G23 -> 271858
A24: 42922 | B24: 支出 | C24: 06.備品費 | D24: 備品 | E24: 干支人形 | G24: 12960 | H24: =H23+F24-G24 -> 258898
A25: 42932 | B25: 支出 | C25: 04.活動費①行事支出 | D25: ②夏まつり(7/16) | E25: スイカ３個、コーヒー | G25: 9549 | H25: =H24+F25-G25 -> 249349
A26: 42932 | B26: 支出 | C26: 04.活動費①行事支出 | D26: ②夏まつり(7/16) | E26: ドリンク、景品 | G26: 25479 | H26: =H25+F26-G26 -> 223870
A27: 42932 | B27: 支出 | C27: 04.活動費①行事支出 | D27: ②夏まつり(7/16) | E27: 食品 | G27: 41092 | H27: =H26+F27-G27 -> 182778
A28: 42928 | B28: 支出 | C28: 04.活動費①行事支出 | D28: ②夏まつり(7/16) | E28: 交通費 | G28: 340 | H28: =H27+F28-G28 -> 182438
A29: 42928 | B29: 支出 | C29: 04.活動費①行事支出 | D29: ②夏まつり(7/16) | E29: 交通費 | G29: 340 | H29: =H28+F29-G29 -> 182098
A30: 42928 | B30: 支出 | C30: 04.活動費①行事支出 | D30: ②夏まつり(7/16) | E30: 交通費 | G30: 340 | H30: =H29+F30-G30 -> 181758
A31: 42932 | B31: 支出 | C31: 04.活動費①行事支出 | D31: ②夏まつり(7/16) | E31: 食材 | G31: 1132 | H31: =H30+F31-G31 -> 180626
A32: 42932 | B32: 支出 | C32: 04.活動費①行事支出 | D32: ②夏まつり(7/16) | E32: 印刷代、備品 | G32: 3436 | H32: =H31+F32-G32 -> 177190
A33: 42932 | B33: 収入 | C33: 03.行事収入 | D33: ①夏まつり(7/16) | E33: 総売上（参加費＋売上） | F33: 40200 | H33: =H32+F33-G33 -> 217390
A34: 42938 | B34: 支出 | C34: 08.渉外費 | D34: ●弔慰金 | E34: 弔慰金（105中村アキ様/7月4日逝去） | G34: 10000 | H34: =H33+F34-G34 -> 207390
A35: 42947 | B35: 支出 | C35: 08.渉外費 | D35: ●弔慰金 | E35: 弔慰金（802片岡利子様/3月13日逝去） | G35: 10000 | H35: =H34+F35-G35 -> 197390
A36: 42952 | B36: 収入 | C36: 04.その他収入①アルミ缶回収費 | D36: アルミ缶回収費 | E36: 2017年07月 80kg×@50 | F36: 4000 | H36: =H35+F36-G36 -> 201390
A37: 42952 | B37: 支出 | C37: 04.活動費③募金支出 | D37: ③青い羽根募金 | E37: ③青い羽根募金 | G37: 1000 | H37: =H36+F37-G37 -> 200390
A38: 42952 | B38: 支出 | C38: 04.活動費①行事支出 | D38: ③運動会(9/24) | E38: 運動会自治会分担金 | G38: 7800 | H38: =H37+F38-G38 -> 192590
A39: 42952 | B39: 支出 | C39: 04.活動費①行事支出 | D39: ②夏まつり(7/16) | E39: ビール | G39: 47810 | H39: =H38+F39-G39 -> 144780
A40: 42952 | B40: 支出 | C40: 08.渉外費 | D40: ●弔慰金 | E40: 弔慰金（1105鹿毛様奥様/7月18日逝去） | G40: 10000 | H40: =H39+F40-G40 -> 134780
A41: 42955 | B41: 支出 | C41: 06.備品費 | D41: 備品 | E41: ＴＶ投影装置（EZCast Ｐｒｏ） | G41: 13932 | H41: =H40+F41-G41 -> 120848
A42: 42954 | B42: 支出 | C42: 07.消耗品費 | D42: 消耗品 | E42: 名札ケース | G42: 944 | H42: =H41+F42-G42 -> 119904
A43: 42954 | B43: 支出 | C43: 08.渉外費 | D43: 交通費 | E43: 交通費 | G43: 340 | H43: =H42+F43-G43 -> 119564
A44: 42977 | B44: 収入 | C44: 04.その他収入①アルミ缶回収費 | D44: アルミ缶回収費 | E44: 2017年08月 100kg×@50 | F44: 5000 | H44: =H43+F44-G44 -> 124564
A45: 42980 | B45: 支出 | C45: 04.活動費①行事支出 | D45: ③運動会(9/24) | E45: 飲物 | G45: 1058 | H45: =H44+F45-G45 -> 123506
A46: 43001 | B46: 支出 | C46: 04.活動費①行事支出 | D46: ③運動会(9/24) | E46: くだもの | G46: 853 | H46: =H45+F46-G46 -> 122653
A47: 43002 | B47: 支出 | C47: 04.活動費①行事支出 | D47: ③運動会(9/24) | E47: 弁当 | G47: 15880 | H47: =H46+F47-G47 -> 106773
A48: 43002 | B48: 支出 | C48: 04.活動費①行事支出 | D48: ③運動会(9/24) | E48: 飲物 | G48: 7168 | H48: =H47+F48-G48 -> 99605
A49: 43002 | B49: 支出 | C49: 04.活動費①行事支出 | D49: ③運動会(9/24) | E49: 車レンタル | G49: 12435 | H49: =H48+F49-G49 -> 87170
A50: 43012 | B50: 支出 | C50: 04.活動費④諸経費 | D50: 切手代・印刷代 | E50: 印刷代 | G50: 450 | H50: =H49+F50-G50 -> 86720
A51: 43005 | B51: 収入 | C51: 04.その他収入①アルミ缶回収費 | D51: アルミ缶回収費 | E51: 2017年09月 100kg×@40 | F51: 4000 | H51: =H50+F51-G51 -> 90720
A52: 43027 | B52: 支出 | C52: 04.活動費③募金支出 | D52: ④赤い羽根募金 | E52: ④赤い羽根募金 | G52: 3000 | H52: =H51+F52-G52 -> 87720
A53: 43033 | B53: 収入 | C53: 04.その他収入①アルミ缶回収費 | D53: アルミ缶回収費 | E53: 2017年10月 100kg×@40 | F53: 4000 | H53: =H52+F53-G53 -> 91720
A54: 43043 | B54: 支出 | C54: 08.渉外費 | D54: ●弔慰金 | E54: 弔慰金（313染谷寿江（ひさえ）様/8月26日逝去） | G54: 10000 | H54: =H53+F54-G54+200000 -> 281720 | I54: ※２０万円預金引き出し
A55: 43051 | B55: 支出 | C55: 04.活動費①行事支出 | D55: ④もちつき（11/12） | E55: 食材、雑貨 | G55: 1865 | H55: =H54+F55-G55 -> 279855
A56: 43051 | B56: 支出 | C56: 04.活動費①行事支出 | D56: ④もちつき（11/12） | E56: もちつき業者費用 | G56: 50000 | H56: =H55+F56-G56 -> 229855
A57: 43065 | B57: 支出 | C57: 04.活動費①行事支出 | D57: ⑤クリスマス飾り | E57: ⑤クリスマス飾り | G57: 66754 | H57: =H56+F57-G57 -> 163101
A58: 43065 | B58: 支出 | C58: 04.活動費①行事支出 | D58: ⑥正月飾り | E58: ⑥正月飾り | G58: 5918 | H58: =H57+F58-G58 -> 157183
A59: 43065 | B59: 支出 | C59: 07.消耗品費 | D59: 消耗品 | E59: ネームフォルダー、カッターナイフ、テープ | G59: 1759 | H59: =H58+F59-G59 -> 155424
A60: 43065 | B60: 支出 | C60: 04.活動費①行事支出 | D60: ⑤クリスマス飾り | E60: 印刷代 | G60: 160 | H60: =H59+F60-G60 -> 155264
A61: 43065 | B61: 支出 | C61: 04.活動費①行事支出 | D61: ④もちつき（11/12） | E61: 印刷代 | G61: 1400 | H61: =H60+F61-G61 -> 153864
A62: 43069 | B62: 収入 | C62: 04.その他収入①アルミ缶回収費 | D62: アルミ缶回収費 | E62: 2017年11月 90kg×@50 | F62: 4500 | H62: =H61+F62-G62 -> 158364
A63: 43071 | B63: 支出 | C63: 04.活動費③募金支出 | D63: ⑤歳末たすけあい募金 | E63: ⑤歳末たすけあい募金 | G63: 5000 | H63: =H62+F63-G63 -> 153364
A64: 43072 | B64: 支出 | C64: 04.活動費①行事支出 | D64: ⑤クリスマス飾り | E64: 片付け時の飲物 | G64: 881 | H64: =H63+F64-G64 -> 152483
A65: 43072 | B65: 支出 | C65: 07.消耗品費 | D65: 消耗品 | E65: 筆ペン 薄墨 | G65: 108 | H65: =H64+F65-G65 -> 152375
A66: 43090 | B66: 支出 | C66: 08.渉外費 | D66: ●弔慰金 | E66: 弔慰金（101塩瀬容子様/12月13日逝去） | G66: 10000 | H66: =H65+F66-G66 -> 142375
A67: 43066 | B67: 支出 | C67: 08.渉外費 | D67: ●弔慰金 | E67: 弔慰金（911福本英也様/11月16日逝去） | G67: 10000 | H67: =H66+F67-G67 -> 132375
A68: 43098 | B68: 支出 | C68: 08.渉外費 | D68: ④自治会会議費懇親会費(12/29) | E68: 自治会忘年会 8名 | G68: 25682 | H68: =H67+F68-G68 -> 106693
A69: 43094 | B69: 支出 | C69: 04.活動費①行事支出 | D69: ⑥正月飾り | E69: ⑥正月飾り | G69: 14356 | H69: =H68+F69-G69 -> 92337
A70: 43094 | B70: 支出 | C70: 04.活動費①行事支出 | D70: ⑧新年顔合わせ会(1/14) | E70: 日本酒 | G70: 3294 | H70: =H69+F70-G70 -> 89043
A71: 43096 | B71: 収入 | C71: 04.その他収入①アルミ缶回収費 | D71: アルミ缶回収費 | E71: 2017年12月 80kg×@50 | F71: 4000 | H71: =H70+F71-G71 -> 93043
A72: 43106 | B72: 支出 | C72: 04.活動費①行事支出 | D72: ⑥正月飾り | E72: 印刷代 | G72: 900 | H72: =H71+F72-G72 -> 92143
A73: 43108 | B73: 支出 | C73: 04.活動費①行事支出 | D73: ⑥正月飾り | E73: 門松 | G73: 44820 | H73: =H72+F73-G73 -> 47323
A74: 43109 | B74: 支出 | C74: 08.渉外費 | D74: ⑤葛西地区新年顔合わせ会(1/9) | E74: 葛西地区新年顔合わせ会 | G74: 10000 | H74: =H73+F74-G74+200000 -> 237323 | I74: ※２０万円預金引き出し
A75: 43109 | B75: 支出 | C75: 08.渉外費 | D75: ⑤葛西地区新年顔合わせ会(1/9) | E75: 交通費 | G75: 412 | H75: =H74+F75-G75 -> 236911
A76: 43114 | B76: 支出 | C76: 04.活動費①行事支出 | D76: ⑧新年顔合わせ会(1/14) | E76: オードブル | G76: 15000 | H76: =H75+F76-G76 -> 221911
A77: 43114 | B77: 支出 | C77: 04.活動費①行事支出 | D77: ⑧新年顔合わせ会(1/14) | E77: ドリンク | G77: 14954 | H77: =H76+F77-G77 -> 206957
A78: 43114 | B78: 支出 | C78: 04.活動費①行事支出 | D78: ⑦鏡開き(1/14) | E78: あんこ | G78: 3144 | H78: =H77+F78-G78 -> 203813
A79: 43114 | B79: 支出 | C79: 04.活動費①行事支出 | D79: ⑦鏡開き(1/14) | E79: チョコ(お年玉） | G79: 1028 | H79: =H78+F79-G79 -> 202785
A80: 43114 | B80: 支出 | C80: 04.活動費①行事支出 | D80: ⑦鏡開き(1/14) | E80: アルミホイル | G80: 297 | H80: =H79+F80-G80 -> 202488
A81: 43114 | B81: 支出 | C81: 04.活動費①行事支出 | D81: ⑦鏡開き(1/14) | E81: もち・菓子 | G81: 4023 | H81: =H80+F81-G81 -> 198465
A82: 43114 | B82: 支出 | C82: 04.活動費①行事支出 | D82: ⑧新年顔合わせ会(1/14) | E82: 菓子・白菜・赤かぶ | G82: 3812 | H82: =H81+F82-G82 -> 194653
A83: 43117 | B83: 支出 | C83: 07.消耗品費 | D83: 消耗品 | E83: のり、封筒 | G83: 216 | H83: =H82+F83-G83 -> 194437
A84: 43114 | B84: 支出 | C84: 04.活動費①行事支出 | D84: ⑦鏡開き(1/14) | E84: 印刷代 | G84: 400 | H84: =H83+F84-G84 -> 194037
A85: 43114 | B85: 支出 | C85: 04.活動費①行事支出 | D85: ⑧新年顔合わせ会(1/14) | E85: 氷2kg | G85: 189 | H85: =H84+F85-G85 -> 193848
A86: 43114 | B86: 支出 | C86: 07.消耗品費 | D86: 消耗品 | E86: 両面テープ、油性ポールペン | G86: 765 | H86: =H85+F86-G86 -> 193083
A87: 43130 | B87: 収入 | C87: 04.その他収入①アルミ缶回収費 | D87: アルミ缶回収費 | E87: 2018年1月 100kg×@50 | F87: 5000 | H87: =H86+F87-G87 -> 198083
A88: 43135 | B88: 支出 | C88: 08.渉外費 | D88: 交通費 | E88: 交通費 | G88: 412 | H88: =H87+F88-G88 -> 197671
A89: 43135 | B89: 支出 | C89: 08.渉外費 | D89: 交通費 | E89: 交通費 | G89: 412 | H89: =H88+F89-G89 -> 197259
A90: 43135 | B90: 支出 | C90: 08.渉外費 | D90: 交通費 | E90: 交通費 | G90: 412 | H90: =H89+F90-G90 -> 196847
A91: 43144 | B91: 支出 | C91: 04.活動費①行事支出 | D91: ⑨ひな人形飾り(3/3) | E91: ひな人形他 | G91: 12429 | H91: =H90+F91-G91 -> 184418
A92: 43147 | B92: 支出 | C92: 04.活動費①行事支出 | D92: ⑨ひな人形飾り(3/3) | E92: 桃の花 | G92: 680 | H92: =H91+F92-G92 -> 183738
A93: 43158 | B93: 収入 | C93: 04.その他収入①アルミ缶回収費 | D93: アルミ缶回収費 | E93: 2018年2月 70kg×@50 | F93: 3500 | H93: =H92+F93-G93 -> 187238
A94: 43177 | B94: 収入 | C94: 06.歳末たすけあい運動募金 | D94: バザー売上（3/18） | E94: バザー当日売上 | F94: 13610 | H94: =H93+F94-G94 -> 200848
A95: 43177 | B95: 収入 | C95: 06.歳末たすけあい運動募金 | D95: 募金 | F95: 968 | H95: =H94+F95-G95 -> 201816
A96: 43188 | B96: 支出 | C96: 04.活動費④諸経費 | D96: 切手代・印刷代 | E96: 印刷代（河本） | G96: 600 | H96: =H95+F96-G96 -> 201216
A97: 43188 | B97: 支出 | C97: 04.活動費①行事支出 | D97: ⑩バザー(3/18) | E97: 印刷代 | G97: 1730 | H97: =H96+F97-G97 -> 199486
A98: 43188 | B98: 支出 | C98: 07.消耗品費 | D98: 消耗品 | E98: 養生テープ、油性マーカーペン | G98: 1866 | H98: =H97+F98-G98 -> 197620
A99: 43188 | B99: 支出 | C99: 08.渉外費 | D99: 交通費 | E99: 交通費 | G99: 340 | H99: =H98+F99-G99 -> 197280
A100: 43188 | B100: 支出 | C100: 08.渉外費 | D100: ⑥サークル活動費 | E100: 麺'Sクラブ | G100: 5000 | H100: =H99+F100-G100 -> 192280
...
